 Dungeon Crawl Stone Soup version 0.17-a0-1979-g1c74939 (webtiles) character file.

29 inmateoo the Caller (level 3, 0/25 HPs)
             Began as a Demonspawn Summoner on Oct 5, 2015.
             Succumbed to Sigmund's poison
             ... on level 2 of the Dungeon.
             The game lasted 00:02:58 (1090 turns).

inmateoo the Caller (Demonspawn Summoner)           Turns: 1090, Time: 00:02:58

Health: 0/25       AC:  5    Str: 13    XL:     3   Next: 1%
Magic:  6/6        EV: 12    Int: 16    God:
Gold:   22         SH:  0    Dex: 14    Spells: 2 memorised, 3 levels left

rFire  . . .     SeeInvis .     k - +3 dagger
rCold  . . .     Clarity  .     a - +0 robe
rNeg   . . .     SustAt   .     (no shield)
rPois  .         Gourm    .     (no helmet)
rElec  .         Spirit   +     (no cloak)
rCorr  .         Warding  .     d - +2 pair of gloves
rMut   .         Stasis   .     (no boots)
MR     .....                    (no amulet)
Stlth  +.........               (no ring)
                                (no ring)

@: confused, mighty, lethally poisoned (0 -> -20), very slightly contaminated,
hasted, very quick, not resistant to hostile enchantments, very unstealthy
A: magic shield
a: no special abilities


You were on level 2 of the Dungeon.
You were not hungry.

You visited 1 branch of the dungeon, and saw 3 of its levels.

You collected 22 gold pieces.

Inventory:

Hand Weapons
 f - a +0 hunting sling
 k - a +3 dagger (weapon)
 n - a +3 dagger
Missiles
 e - 66 stones (quivered)
Armour
 a - a +0 robe (worn)
 d - a +2 pair of gloves (worn)
Wands
 r - a wand of frost (30)
Scrolls
 q - a scroll of remove curse
 s - a scroll of enchant weapon {unknown}
Potions
 i - a potion of curing {unknown}
 l - a potion of heal wounds {unknown}
 p - a potion of might
Books
 b - a book of Callings

   Spells                             Type                      Level
   a - Summon Small Mammal            Summoning                    1
   b - Call Imp                       Summoning                    2
   c - Call Canine Familiar           Summoning                    3
   d - Summon Guardian Golem          Hexes/Summoning              3
   e - Summon Lightning Spire         Summoning/Air                4
   f - Summon Ice Beast               Ice/Summoning                4
Comestibles
 c - a bread ration
 h - a meat ration
 j - a royal jelly
 o - a chunk of flesh


   Skills:
 + Level 0.8 Fighting
 * Level 1.3 Short Blades
 + Level 1.7 Dodging
 + Level 2.0 Stealth
 + Level 2.2 Spellcasting
 + Level 4.1 Summonings


You had 3 spell levels left.
You knew the following spells:

 Your Spells              Type           Power        Failure   Level  Hunger
a - Summon Small Mammal   Summ           ###.         4%          1    #......
b - Call Imp              Summ           ###.....     8%          2    ###....


Dungeon Overview and Level Annotations

Branches:
Dungeon (3/15)

Altars:
Okawaru

Annotations:
D:2 Sigmund


Innate Abilities, Weirdness & Mutations

When hurt, damage is shared between your health and your magic reserves.


Message History

* * * LOW HITPOINT WARNING * * *
You feel sick.
Your shadow imp closely misses something.
Drink which item? (? for menu, Esc to quit)
It was a potion of haste.
You feel yourself speed up.
* * * LOW HITPOINT WARNING * * *
You feel sick.
Your shadow imp hits something but does no damage.
You are very lightly contaminated with residual magic.
Drink which item? (? for menu, Esc to quit)
It was a potion of might.
You feel very mighty all of a sudden.
* * * LOW HITPOINT WARNING * * *
You feel sick.
A magic dart appears from out of thin air!
The magic dart hits you!
* * * LOW HITPOINT WARNING * * *
Drink which item? (? for menu, Esc to quit)
It was a potion of magic.
Magic courses through your body.
You die...

#.# #.#
##.#####.#
#........#
#..####### #..#
#..# #####..###
..........#
######.##@## #
####...#..#
#.##.........##
#..>..##.##.5.#
###...#...#...#
.........r...#
###....._.5...#
##..........#
#..#...#..##


You could see a friendly crimson imp, a friendly shadow imp and a friendly
quokka.

Vanquished Creatures
  An adder (D:3)
  5 goblins
  2 hobgoblins (D:1)
  4 kobolds (D:1)
  A ball python (D:3)
  3 bats (D:1)
  A giant newt (D:1)
  3 rats
20 creatures vanquished.

Vanquished Creatures (collateral kills)
  4 jackals (D:1)
4 creatures vanquished.

Grand Total: 24 creatures vanquished

Notes
Turn   | Place    | Note
--------------------------------------------------------------
     0 | D:1      | inmateoo the Demonspawn Summoner began the quest for the Orb.
     0 | D:1      | Reached XP level 1. HP: 13/13 MP: 3/3
   145 | D:1      | Gained mutation: When hurt, damage is shared between your health and your magic reserves. [demonic ancestry]
   145 | D:1      | Reached XP level 2. HP: 14/19 MP: 3/5
   299 | D:1      | Learned a level 2 spell: Call Imp
   392 | D:1      | Reached skill level 1 in Short Blades
   864 | D:2      | Found an iron altar of Okawaru.
   866 | D:2      | Noticed Sigmund
   904 | D:3      | Reached XP level 3. HP: 18/25 MP: 3/6
  1089 | D:2      | HP: 1/25 [something/magic dart (2)]
  1090 | D:2      | Succumbed to Sigmund's poison

Vault maps used:
D:1:      zaba_arrival_water, st_stairs_6
D:2:      okawaru_gym_becter, lemuel_doored_altar, uniq_sigmund
D:3:      nicolae_overflow_hidden_temple, fedhas_altar_3, uniq_robin

Action                   || total
-------------------------++-------
Melee: Dagger            ||    64
 Fire: Hunting sling     ||    10
 Cast: Summon Small Mamm ||    12
       Call Imp          ||     2
  Use: Scroll            ||     4
       Potion            ||     3
 Stab: Sleeping          ||     3
  Eat: Chunk             ||     1
